 Dungeon Crawl Stone Soup version 0.15.0-27-gbdb0435 (webtiles) character file.

37701 Psiweapon the Cruncher (level 13, -11/127 HPs)
             Began as an Ogre Hunter on Sept 10, 2014.
             Was a High Priest of Makhleb.
             Mangled by a death yak (14 damage)
             ... on Level 6 of the Lair of Beasts on Sept 11, 2014.
             The game lasted 02:23:37 (27731 turns).

Psiweapon the Cruncher (Ogre Hunter)               Turns: 27731, Time: 02:23:37

HP -11/127       AC  8     Str 22      XL: 13   Next: 98%
MP   0/25        EV 14     Int 11      God: Makhleb [*****.]
Gold 934         SH  0     Dex 13      Spells:  2 memorised, 21 levels left

rFire  . . .     SeeInvis .     N - +8 quarterstaff (chaos)
rCold  . . .     Clarity  .     b - +1 troll leather armour
rNeg   . . .     rCorr    .     (shield restricted)
rPois  .         rRot     .     (helmet restricted)
rElec  .         Spirit   +     Q - +0 cloak
SustAb .         Warding  .     (gloves unavailable)
rMut   .         Stasis   .     (boots unavailable)
Gourm  .                        K - amulet of guardian spirit
MR     +....                    L - ring of regeneration
                                n - +2 ring of strength

@: hasted and slowed, somewhat resistant to hostile enchantments, unstealthy
A: unfitting armour, tough skin 1
a: Minor Destruction, Lesser Servant of Makhleb, Major Destruction, Greater
Servant of Makhleb, Renounce Religion


You were on level 6 of the Lair of Beasts.
You worshipped Makhleb.
Makhleb was extremely pleased with you.
You were not hungry.

You visited 3 branches of the dungeon, and saw 19 of its levels.
You also visited: Ossuary.

You collected 1031 gold pieces.
You spent 97 gold pieces at shops.

Inventory:

Hand weapons
 f - a +2 whip of venom
 l - a +0 blowgun
 N - a +8 quarterstaff of chaos (weapon)
 R - the +6 hammer "Ultimatum" {crush, rPois}
   (You found it on level 4 of the Dungeon)

   It inflicts extra damage upon your enemies.
   It protects you from poison.
 Y - the +8 spear of the Six Beds {antimagic, Dex+2}
   (You found it on level 4 of the Lair of Beasts)

   It disrupts the flow of magical energy around spellcasters and certain
   magical creatures (including the wielder).
   It affects your dexterity (+2).
Missiles
 c - a throwing net
 d - 19 poisoned needles
 t - 8 tomahawks
 H - 5 needles of sleeping
 I - 2 curare-tipped needles
 T - 19 large rocks (quivered)
Armour
 b - a +1 troll leather armour (worn)
 o - a +2 robe of cold resistance
 Q - a +0 cloak (worn)
Magical devices
 g - a wand of lightning (3)
 z - a wand of slowing (10)
 O - a wand of random effects (5)
 S - a wand of digging (10)
Comestibles
 j - 6 beef jerkies
 m - 6 royal jellies
 s - a bread ration
 D - a meat ration
 U - 2 chunks of blink frog flesh
Scrolls
 p - 2 scrolls of fog
 w - 3 scrolls of fear
 x - 7 scrolls of magic mapping
 M - 7 scrolls of remove curse
 Z - a scroll of vulnerability
Jewellery
 a - an uncursed amulet of rage
 i - an uncursed amulet of resist corrosion
 n - a +2 ring of strength (left hand)
 u - an uncursed amulet of resist mutation
 v - an uncursed amulet of warding
 J - an uncursed ring of teleport control
 K - an amulet of guardian spirit (around neck)
 L - a ring of regeneration (right hand)
Potions
 e - a potion of porridge
 k - a potion of brilliance
 q - a potion of flight
 A - a potion of cancellation
 B - 13 potions of curing
 C - 4 potions of berserk rage
 F - a potion of heal wounds
 G - 3 potions of agility
 P - a potion of beneficial mutation {unknown}
 X - 2 potions of might
Books
 E - a book of the Dragon

   Spells                             Type                      Level
   Flight                             Charms/Air                   3
   Cause Fear                         Hexes                        4
   Bolt of Fire                       Conjuration/Fire             6
   Dragon Form                        Transmutation                7
   Dragon's Call                      Summoning                    9
Miscellaneous
 h - a lamp of fire
 y - a fan of gales
 W - a phial of floods


   Skills:
 - Level 8.1 Fighting
 - Level 9.3(14.0) Maces & Flails
 - Level 12.3(12.8) Staves
 - Level 6.5 Throwing
 + Level 5.3 Armour
 - Level 9.2 Dodging
 + Level 5.7 Stealth
 - Level 5.5 Spellcasting
 - Level 2.1 Hexes
 - Level 2.2 Necromancy
 + Level 8.4 Invocations


You had 21 spell levels left.
You knew the following spells:

 Your Spells              Type           Power        Failure   Level  Hunger
C - Corona                Hex            #......      10%         1    None
S - Animate Skeleton      Necr           N/A          10%         1    None


Dungeon Overview and Level Annotations

Branches:
Dungeon (12/15)            Temple (1/1) D:7             Orc (0/4) D:9
   Lair (6/8) D:8          Shoals (0/5) Lair:4       Spider (0/5) Lair:3
  Slime: Lair:6-8

Altars:
Ashenzari
Cheibriados
Dithmenos
Elyvilon
Fedhas
Kikubaaqudgha
Makhleb
Nemelex Xobeh
Okawaru
Qazlal
Sif Muna
Trog
Vehumet
Xom
Yredelemnul
Zin
The Shining One
Beogh

Shops:
D:6 !   D:7 ?

Annotations:
Lair:3 exclusions: electric eel and 3 more exclusions
Lair:4 exclusion: upstairs


Innate Abilities, Weirdness & Mutations

You are too large for most types of armour.
You have tough skin (AC +1).


Message History

Something gores you but does no damage.
You hit the death yak.
The death yak is poisoned.
The death yak is almost dead.
The death yak barely misses you. Something gores you!
Read which item? (? for menu, Esc to quit)
Okay, then.
You feel yourself speed up.
Being near the torpor snail leaves you feeling lethargic.
The death yak gores you! Something gores you!
* * * LOW HITPOINT WARNING * * *
Drink which item? (? for menu, Esc to quit)
You feel yourself speed up. The death yak gores you!
* * * LOW HITPOINT WARNING * * *
Something gores you!!
* * * LOW HITPOINT WARNING * * *
The torpor snail bites you.
* * * LOW HITPOINT WARNING * * *
The death yak gores you but does no damage.
Something gores you!
You die...

####..##.⌠.##...###.##.⌠.##
#.#.<...#.####.Z...###.###
#..P.........#.#'.#....#
##............#Zw(..#....
#..............#..........
##...........#.#.........
###.#......Z#...⌠...#...%
#.......{Yw.....#..... .
###......@......#.#.. ≈
##......#......#...
#.......##+.+##. ###
#............... ##≈≈
####..#.............≈≈#[≈≈
.P.#...................≈≈##≈≈
P......................≈≈≈###
#P..#.##................≈≈≈≈≈
.. ## ##...<...........#≈≈≈≈


You could see a death yak, a torpor snail and a blink frog skeleton.

Vanquished Creatures
  The ghost of svendre the Carver, a powerful TrDK of Yredelemnul (Lair:4)
  Josephine (D:10)
  Fannar (Lair:5)
  5 hydras
  3 death yaks (Lair:5)
  A catoblepas (Lair:5)
  3 hill giants
  A lindwurm (Lair:5)
  2 cyclopes (D:12)
  A griffon (Lair:5)
  3 black mambas
  A guardian serpent (D:12)
  7 spiny frogs
  A yaktaur (D:9)
  A troll (D:9)
  A fire drake (Lair:5)
  7 komodo dragons
  Grinder (D:4)
  A polar bear (Lair:4)
  A boulder beetle (Lair:6)
  5 blink frogs
  Prince Ribbit (D:6)
  A basilisk (Lair:6)
  A redback (Lair:3)
  2 wyverns (D:11)
  23 yaks
  6 hippogriffs
  2 soldier ants
  A hungry ghost (D:7)
  9 swamp worms (Lair:6)
  9 orc warriors
  12 water moccasins
  3 sky beasts
  2 yellow wasps
  A spider (shapeshifter) (D:9)
  A manticore zombie (D:8)
  A black bear (D:12)
  4 phantoms
  The ghost of VGrossman the Covered, an average MiFi (D:3)
  4 ice beasts
  7 porcupines
  A boring beetle (D:8)
  8 crocodiles
  A brain worm (Lair:5)
  Sigmund (D:7)
  Duvessa (D:7)
  7 centaurs
  5 ogres
  A big kobold (D:8)
  A water moccasin zombie (Ossuary)
  11 giant frogs
  4 scorpions
  A cyclops skeleton (D:11)
  6 killer bees (D:11)
  3 lava snakes (D:10)
  16 wights
  A yak skeleton (D:10)
  3 quasits
  A goliath beetle (D:8)
  Dowan (D:7)
  5 bog bodies (Ossuary)
  A giant frog zombie (D:6)
  6 crimson imps
  9 orc priests
  2 electric eels (Lair:5)
  6 jellies
  Crazy Yiuf (D:4)
  9 iguanas
  10 hounds
  7 orc wizards
  A two-headed ogre skeleton (D:12)
  A black bear skeleton (D:8)
  13 worker ants
  A porcupine skeleton (Lair:4)
  A sky beast zombie (D:10)
  11 sheep
  Ijyb (D:6)
  2 ogre zombies (Ossuary)
  A hound zombie (Ossuary)
  A mottled dragon skeleton (D:11)
  7 mummies (Ossuary)
  3 gnolls (D:8)
  3 worker ant zombies (Ossuary)
  5 green rats (Lair:5)
  2 orc skeletons
  2 shadow imps
  18 adders
  A giant mite (D:7)
  2 goliath beetle zombies (Ossuary)
  4 worms
  3 adder zombies
  An iguana skeleton (D:8)
  An iguana zombie (Ossuary)
  An orc simulacrum (D:10)
  8 giant geckos
  50 orcs
  A ball python (D:3)
  10 giant cockroaches
  13 hobgoblins
  4 jackals (D:2)
  15 quokkas
  8 bats
  A giant cockroach zombie (Ossuary)
  6 giant newts
  A giant newt zombie (Ossuary)
  18 goblins
  3 goblin zombies (Ossuary)
  4 hobgoblin zombies
  28 kobolds
  2 kobold zombies (Ossuary)
  2 orc zombies (Ossuary)
  A quokka zombie (Ossuary)
  16 rats
  A rat skeleton (D:8)
  2 ballistomycetes (D:9)
  A plant (Lair:5)
549 creatures vanquished.

Vanquished Creatures (collateral kills)
  3 death yaks (Lair:5)
  Erolcha (D:11)
  A cyclops (D:10)
  A basilisk (Lair:1)
  A yak (D:9)
  5 swamp worms (Lair:6)
  A porcupine (Lair:4)
  A water moccasin (Lair:3)
  A centaur (D:12)
  A cyclops skeleton (D:11)
  2 wights
  An orc priest (D:9)
  A giant frog zombie (D:10)
  An iguana (Lair:5)
  A hound (Lair:4)
  A centaur skeleton (D:11)
  An orc wizard (D:11)
  A worker ant (D:9)
  A mummy (D:9)
  3 worms (Lair:6)
  An orc (D:11)
  2 quokkas (Lair:2)
  A plant (Lair:6)
33 creatures vanquished.

Vanquished Creatures (others)
  2 death yak skeletons (Lair:5)
  2 hydra skeletons
  A ynoxinul (D:12)
  A neqoxec (Lair:6)
  4 spiny frog skeletons
  A blink frog skeleton (Lair:6)
  3 komodo dragon skeletons
  A yaktaur skeleton (D:9)
  A cyclops skeleton (D:12)
  A hippogriff skeleton (Lair:1)
  3 yak skeletons
  A basilisk skeleton (Lair:6)
  2 centaur skeletons
  2 giant frog skeletons
  A white imp (Lair:6)
  An ufetubus (D:12)
  A worm (Lair:6)
  An iguana skeleton (Lair:5)
  An adder skeleton (Lair:5)
  A bat skeleton (D:9)
  A giant spore (D:9)
  A hobgoblin skeleton (D:10)
  An orc skeleton (D:9)
  A quokka skeleton (Lair:3)
  2 fungi
  5 plants
  9 toadstools (Lair:5)
51 creatures vanquished.

Grand Total: 633 creatures vanquished

Notes
Turn   | Place    | Note
--------------------------------------------------------------
     0 | D:1      | Psiweapon, the Ogre Hunter, began the quest for the Orb.
     0 | D:1      | Reached XP level 1. HP: 22/22 MP: 1/1
   126 | D:1      | Reached XP level 2. HP: 11/29 MP: 2/2
   754 | D:1      | Reached XP level 3. HP: 31/36 MP: 3/3
   773 | D:1      | Reached skill level 5 in Throwing
  2264 | D:2      | Reached XP level 4. HP: 11/44 MP: 4/4
  3254 | D:3      | Found a deep blue altar of Sif Muna.
  3266 | D:3      | Noticed VGrossman's ghost (average MiFi)
  3286 | D:3      | Killed VGrossman's ghost
  3286 | D:3      | Reached skill level 6 in Throwing
  3286 | D:3      | Reached XP level 5. HP: 6/50 MP: 5/5
  3579 | D:3      | Reached skill level 5 in Maces & Flails
  3808 | D:3      | Reached XP level 6. HP: 47/59 MP: 6/6
  5088 | D:4      | Reached skill level 1 in Staves
  5487 | D:4      | Reached XP level 7. HP: 67/67 MP: 7/7
  5947 | D:4      | Reached skill level 7 in Maces & Flails
  6171 | D:4      | Noticed Grinder
  6171 | D:4      | Paralysed by Grinder for 3 turns
  6186 | D:4      | Paralysed by Grinder for 4 turns
  6190 | D:4      | Killed Grinder
  6190 | D:4      | Reached skill level 8 in Maces & Flails
  6197 | D:4      | Reached skill level 9 in Maces & Flails
  6404 | D:4      | Noticed Crazy Yiuf
  6408 | D:4      | Killed Crazy Yiuf
  6408 | D:4      | Reached XP level 8. HP: 75/75 MP: 8/8
  6441 | D:4      | Got a transparent hammer
  6445 | D:4      | Identified the +6 hammer "Ultimatum" {crush, rPois} (You found it on level 4 of the Dungeon)
  6510 | D:5      | Entered Level 5 of the Dungeon
  6564 | D:6      | Noticed Prince Ribbit
  6573 | D:6      | Killed Prince Ribbit
  6700 | D:5      | Found a white marble altar of Elyvilon.
  6788 | D:5      | Reached skill level 5 in Staves
  7339 | D:6      | Noticed Ijyb
  7349 | D:6      | Killed Ijyb
  7659 | D:6      | Reached XP level 9. HP: 83/83 MP: 9/9
  7994 | D:6      | Found Thoycs' Distillery.
  8014 | D:6      | Bought a potion of might for 37 gold pieces
  8014 | D:6      | Bought 2 potions of curing for 60 gold pieces
  8351 | D:7      | Noticed Sigmund
  8351 | D:7      | Noticed Duvessa
  8362 | D:7      | Killed Sigmund
  8367 | D:7      | Noticed Dowan
  8384 | D:7      | Killed Duvessa
  8666 | D:7      | Killed Dowan
  8951 | D:7      | Found a sparkling altar of Nemelex Xobeh.
  8994 | D:7      | Found a staircase to the Ecumenical Temple.
  9003 | Temple   | Entered the Ecumenical Temple
  9132 | D:7      | Found Golafus' Magic Scroll Shop.
  9914 | D:8      | Found a staircase to the Lair.
  9936 | D:8      | Found a sand-covered staircase.
  9956 | Ossuary  | Entered an ossuary
 11138 | D:8      | Reached XP level 10. HP: 91/91 MP: 10/10
 11286 | D:8      | Reached skill level 5 in Fighting
 13259 | Lair:1   | Entered Level 1 of the Lair of Beasts
 13493 | Lair:1   | Learned a level 1 spell: Corona
 13495 | Lair:1   | Learned a level 1 spell: Animate Skeleton
 13540 | Lair:1   | Reached skill level 1 in Spellcasting
 13710 | D:9      | Reached skill level 1 in Hexes
 13961 | D:9      | Found a bloodstained altar of Trog.
 13961 | D:9      | Found a burning altar of Makhleb.
 13968 | D:9      | Became a worshipper of Makhleb the Destroyer
 14139 | Lair:1   | Reached skill level 1 in Necromancy
 14139 | Lair:1   | Reached XP level 11. HP: 94/111 MP: 19/22
 14168 | Lair:1   | Reached skill level 5 in Spellcasting
 14522 | Lair:1   | Noticed a black mamba
 14534 | Lair:1   | Killed a black mamba
 14534 | Lair:1   | Reached skill level 1 in Invocations
 15264 | Lair:2   | Acquired Makhleb's first power
 16669 | Lair:3   | Noticed a seven-headed hydra
 16681 | Lair:3   | Killed a seven-headed hydra
 17281 | Lair:3   | Found a hole to the Spider Nest.
 17288 | Lair:3   | Reached skill level 5 in Dodging
 17713 | Lair:3   | Reached skill level 5 in Invocations
 18015 | Lair:3   | Noticed an eight-headed hydra
 18110 | Lair:4   | Acquired Makhleb's second power
 18425 | Lair:4   | Found a staircase to the Shoals.
 18431 | Lair:4   | Noticed svendre's ghost (powerful TrDK)
 18461 | Lair:4   | Killed svendre's ghost
 18883 | Lair:4   | Got a polished spear
 18886 | Lair:4   | Identified the +8 spear of the Six Beds {antimagic, Dex+2} (You found it on level 4 of the Lair of Beasts)
 19052 | Lair:4   | Reached XP level 12. HP: 119/119 MP: 23/25
 19233 | Lair:5   | Reached skill level 10 in Staves
 19472 | Lair:5   | Acquired Makhleb's third power
 19520 | Lair:5   | Got a scintillating golden ring
 19522 | Lair:5   | Identified the ring of Shreq Ohus {Contam rPois rC+} (You found it on level 5 of the Lair of Beasts)
 19968 | Lair:5   | Noticed a death yak
 19978 | Lair:5   | Noticed a death yak
 19980 | Lair:5   | Noticed a death yak
 20428 | D:9      | Acquired Makhleb's fourth power
 20592 | D:9      | Found a bloodstained altar of Trog.
 20954 | D:9      | Found a roughly hewn altar of Beogh.
 21155 | D:9      | Found a staircase to the Orcish Mines.
 21646 | D:10     | Entered Level 10 of the Dungeon
 21854 | D:10     | Got a transparent flail
 22714 | D:10     | Reached skill level 11 in Staves
 22750 | D:10     | Noticed Josephine
 22759 | D:10     | Killed Josephine
 23144 | D:11     | Noticed a four-headed hydra
 23154 | D:11     | Killed a four-headed hydra
 23335 | D:11     | Reached skill level 1 in Stealth
 23539 | D:11     | Reached skill level 1 in Armour
 23550 | D:11     | Reached XP level 13. HP: 127/127 MP: 19/25
 23588 | D:11     | Noticed Erolcha
 23593 | D:11     | Killed Erolcha
 23717 | D:11     | Identified the +4 flail of Defilement {vamp, +Fly Stlth+} (You found it on level 10 of the Dungeon)
 24628 | D:11     | Acquired Makhleb's fifth power
 25530 | Lair:5   | Noticed Fannar
 25536 | Lair:5   | Killed Fannar
 25552 | Lair:5   | Noticed a six-headed hydra
 25565 | Lair:5   | Killed a six-headed hydra
 25565 | Lair:5   | Reached skill level 12 in Staves
 25608 | Lair:5   | Noticed a death yak
 25614 | Lair:5   | Killed a death yak
 25757 | Lair:5   | Killed a death yak
 25763 | Lair:5   | Killed a death yak
 25930 | Lair:5   | Noticed a death yak
 25934 | Lair:5   | Noticed a death yak
 25944 | Lair:5   | Killed a death yak
 25953 | Lair:5   | Killed a death yak
 25958 | Lair:5   | Killed a death yak
 26859 | Lair:5   | Got a flickering bronze amulet
 26861 | Lair:5   | Identified the amulet of Skisial {rCorr Int-4} (You found it on level 5 of the Lair of Beasts)
 27273 | Lair:6   | Reached skill level 5 in Stealth
 27519 | Lair:6   | Reached skill level 5 in Armour
 27731 | Lair:6   | HP: 6/127 [something (19)]
 27731 | Lair:6   | Mangled by a death yak

Action                   |  1- 3 |  4- 6 |  7- 9 | 10-12 | 13-15 || total
-------------------------+-------+-------+-------+-------+-------++-------
Melee: Whip              |   169 |   133 |       |       |       ||   302
       Club              |     6 |       |       |       |       ||     6
       Quarterstaff      |       |    48 |   341 |   706 |   317 ||  1412
       Giant club        |       |    10 |    45 |       |       ||    55
       Hammer            |       |       |       |    43 |       ||    43
 Fire: Blowgun           |       |       |     5 |     3 |       ||     8
Throw: Large rock        |     5 |    33 |    29 |    12 |    41 ||   120
       Stone             |    51 |     4 |    24 |     1 |       ||    80
       Throwing net      |       |     2 |     2 |     1 |       ||     5
       Tomahawk          |       |       |     4 |    30 |       ||    34
 Cast: Animate Skeleton  |       |       |       |    25 |    16 ||    41
       Corona            |       |       |       |     4 |       ||     4
Invok: Minor Destruction |       |       |       |    31 |    26 ||    57
       Major Destruction |       |       |       |    13 |    30 ||    43
       Lesser Servant of |       |       |       |     2 |     3 ||     5
Evoke: Wand              |       |     4 |     1 |     5 |     3 ||    13
  Use: Scroll            |     1 |     5 |    14 |    13 |     6 ||    39
       Potion            |       |     4 |     1 |     4 |     1 ||    10
 Stab: Paralysed         |       |       |    11 |    14 |     4 ||    29
       Petrifying        |       |       |     1 |     4 |       ||     5
       Sleeping          |       |       |     1 |     3 |       ||     4
       Confused          |       |       |     1 |     1 |       ||     2
       Petrified         |       |       |       |     3 |     2 ||     5
       Distracted        |       |       |       |     1 |     1 ||     2
  Eat: Chunk             |     1 |     6 |    14 |    35 |    14 ||    70
       Bread ration      |     1 |     1 |       |       |       ||     2
       Beef jerky        |       |       |     1 |     2 |     2 ||     5
       Fruit             |       |       |     3 |     6 |     3 ||    12
       Royal jelly       |       |       |       |     1 |     1 ||     2
